[ AOE2 MATCH · #507233257 ]
UnrankedJurchens vs Aztecs
Player's team · LOSS
Rival team · WIN
[ REPLAY ANALYSIS · EXTRACTED FROM THE RECORDED GAME ]
Feudal
8:55
Castle
21:21
Imperial
—
| APM avg | 61.6 |
| APM peak | 109 |
| eAPM avg | 22.4 |
| Villagers / military | 60 / 45 |
Focus
⚔️ 34.3% · 🌾 65.7%
Cavalry Archer ×16 · Skirmisher ×13 · Scout Cavalry ×8 · Archer ×7 · Steppe Lancer ×1
Feudal
9:15
Castle
21:40
Imperial
—
| APM avg | 63.9 |
| APM peak | 107 |
| eAPM avg | 31.9 |
| Villagers / military | 50 / 69 |
Focus
⚔️ 40.9% · 🌾 59.1%
Eagle Scout ×54 · Archer ×7 · Militia ×3 · Scorpion ×3 · Spearman ×2
Match map
Initial resources + every placement click. Lines = walls · curves = elevation contours. ◆ gold · ⬟ stone · ● berries · ✦ relic · ◌ wall gap
Your base· Open — unwalled flank
Uthman The Lithuanian's base· Open — 3t gap
Smoothed initial terrain · ◌ = detected wall gap · hover for details
Inputs per minute
— _DaViCy_ - - Uthman The Lithuanian
Build order — _DaViCy_
First 150 of 174 actions detected
| 0:00 | Queue | Villager (Male) |
| 0:01 | Build | House |
| 0:02 | Build | House |
| 0:03 | Queue | Villager (Male) |
| 0:03 | Queue | Villager (Male) |
| 0:12 | Queue | Villager (Male) |
| 0:12 | Queue | Villager (Male) |
| 1:24 | Queue | Villager (Male) |
| 1:24 | Queue | Villager (Male) |
| 1:37 | Queue | Villager (Male) |
| 1:37 | Queue | Villager (Male) |
| 1:46 | Build | Lumber Camp |
| 2:15 | Queue | Villager (Male) |
| 2:16 | Queue | Villager (Male) |
| 2:45 | Queue | Villager (Male) |
| 3:16 | Queue | Villager (Male) |
| 3:16 | Queue | Villager (Male) |
| 4:09 | Queue | Villager (Male) |
| 4:09 | Queue | Villager (Male) |
| 4:12 | Build | House |
| 4:21 | Queue | Villager (Male) |
| 4:22 | Queue | Villager (Male) |
| 4:47 | Queue | Villager (Male) |
| 4:47 | Queue | Villager (Male) |
| 5:18 | Queue | Villager (Male) |
| 5:36 | Build | Mill |
| 5:50 | Queue | Villager (Male) |
| 6:11 | Research | Loom |
| 6:45 | Research | Feudal Age |
| 6:45 | Research | Feudal Age |
| 7:24 | Queue | Villager (Male) |
| 7:34 | Build | Barracks |
| 7:49 | Queue | Villager (Male) |
| 8:06 | Build | House |
| 8:35 | Build | Palisade Wall |
| 8:41 | Queue | Villager (Male) |
| 8:47 | Build | Palisade Wall |
| 8:49 | Build | Palisade Wall |
| 8:55 | Age | Feudal Age |
| 9:01 | Build | Stable |
| 9:08 | Build | Palisade Wall |
| 9:09 | Queue | Villager (Male) |
| 9:18 | Build | House |
| 9:36 | Research | Double-Bit Axe |
| 9:36 | Research | Double-Bit Axe |
| 9:38 | Queue | Villager (Male) |
| 9:50 | Build | House |
| 9:56 | Queue | Scout Cavalry |
| 9:56 | Queue | Scout Cavalry |
| 10:11 | Build | House |
| 10:29 | Queue | Scout Cavalry |
| 10:34 | Build | Farm |
| 10:42 | Build | Farm |
| 10:45 | Queue | Villager (Male) |
| 10:50 | Build | Farm |
| 11:04 | Build | Farm |
| 11:10 | Queue | Villager (Male) |
| 11:17 | Queue | Scout Cavalry |
| 11:27 | Build | Farm |
| 11:35 | Queue | Villager (Male) |
| 11:57 | Queue | Scout Cavalry |
| 12:02 | Build | House |
| 12:05 | Queue | Scout Cavalry |
| 12:19 | Queue | Villager (Male) |
| 12:46 | Queue | Villager (Male) |
| 12:51 | Build | Archery Range |
| 13:02 | Build | Farm |
| 13:20 | Queue | Villager (Male) |
| 13:28 | Build | Farm |
| 13:30 | Build | Farm |
| 13:30 | Build | Farm |
| 13:34 | Build | Farm |
| 13:35 | Queue | Villager (Male) |
| 13:44 | Build | Farm |
| 13:54 | Queue | Villager (Male) |
| 14:01 | Queue | Skirmisher |
| 14:02 | Queue | Skirmisher |
| 14:10 | Build | Blacksmith |
| 14:22 | Build | Farm |
| 14:23 | Queue | Villager (Male) |
| 14:25 | Build | House |
| 14:36 | Queue | Skirmisher |
| 14:46 | Build | Farm |
| 14:48 | Queue | Villager (Male) |
| 15:11 | Queue | Villager (Male) |
| 15:12 | Build | Farm |
| 15:20 | Build | House |
| 15:23 | Queue | Skirmisher |
| 15:25 | Build | Mining Camp |
| 15:44 | Queue | Villager (Male) |
| 15:47 | Build | Farm |
| 15:49 | Queue | Skirmisher |
| 15:57 | Build | Farm |
| 16:13 | Queue | Villager (Male) |
| 16:14 | Build | Farm |
| 16:30 | Queue | Skirmisher |
| 16:36 | Queue | Villager (Male) |
| 16:40 | Build | Farm |
| 16:44 | Queue | Skirmisher |
| 16:49 | Queue | Villager (Male) |
| 17:01 | Build | Lumber Camp |
| 17:13 | Queue | Skirmisher |
| 17:25 | Queue | Villager (Male) |
| 17:29 | Queue | Skirmisher |
| 18:04 | Queue | Villager (Male) |
| 18:06 | Queue | Skirmisher |
| 18:28 | Build | Archery Range |
| 18:30 | Queue | Archer |
| 18:41 | Research | Castle Age |
| 18:41 | Research | Castle Age |
| 18:43 | Queue | Archer |
| 19:09 | Queue | Archer |
| 19:17 | Research | Gold Mining |
| 19:32 | Queue | Skirmisher |
| 19:33 | Research | Fletching |
| 19:34 | Research | Fletching |
| 19:36 | Build | House |
| 19:44 | Queue | Skirmisher |
| 20:19 | Queue | Archer |
| 20:20 | Research | Padded Archer Armor |
| 20:20 | Research | Padded Archer Armor |
| 20:21 | Queue | Skirmisher |
| 20:22 | Queue | Villager (Male) |
| 20:24 | Build | Farm |
| 20:25 | Build | Archery Range |
| 20:42 | Queue | Archer |
| 20:43 | Queue | Scout Cavalry |
| 20:54 | Research | Horse Collar |
| 21:06 | Queue | Villager (Male) |
| 21:13 | Queue | Archer |
| 21:21 | Age | Castle Age |
| 21:22 | Queue | Archer |
| 21:27 | Queue | Villager (Male) |
| 21:31 | Queue | Cavalry Archer |
| 21:32 | Queue | Cavalry Archer |
| 21:32 | Queue | Cavalry Archer |
| 21:53 | Queue | Cavalry Archer |
| 22:04 | Research | Bow Saw |
| 22:10 | Queue | Cavalry Archer |
| 22:34 | Queue | Cavalry Archer |
| 22:37 | Queue | Villager (Male) |
| 22:39 | Build | Farm |
| 22:50 | Queue | Cavalry Archer |
| 23:04 | Queue | Villager (Male) |
| 23:07 | Queue | Cavalry Archer |
| 23:19 | Queue | Villager (Male) |
| 23:33 | Queue | Villager (Male) |
| 23:41 | Build | Town Center |
| 23:45 | Queue | Steppe Lancer |
| 23:59 | Queue | Villager (Male) |
Build order — Uthman The Lithuanian
First 150 of 164 actions detected
| 0:00 | Queue | Villager (Male) |
| 0:00 | Queue | Villager (Male) |
| 0:01 | Queue | Villager (Male) |
| 0:01 | Queue | Villager (Male) |
| 0:01 | Queue | Villager (Male) |
| 0:02 | Build | House |
| 0:03 | Build | House |
| 1:25 | Queue | Villager (Male) |
| 2:02 | Queue | Villager (Male) |
| 2:03 | Queue | Villager (Male) |
| 2:19 | Build | Lumber Camp |
| 2:24 | Queue | Villager (Male) |
| 2:44 | Queue | Villager (Male) |
| 3:04 | Queue | Villager (Male) |
| 3:34 | Queue | Villager (Male) |
| 3:53 | Queue | Villager (Male) |
| 3:58 | Build | House |
| 3:59 | Build | House |
| 4:09 | Build | House |
| 4:29 | Queue | Villager (Male) |
| 4:55 | Queue | Villager (Male) |
| 5:21 | Queue | Villager (Male) |
| 5:49 | Queue | Villager (Male) |
| 6:04 | Build | Barracks |
| 6:11 | Queue | Villager (Male) |
| 6:40 | Queue | Villager (Male) |
| 6:46 | Research | Loom |
| 6:58 | Build | House |
| 7:01 | Research | Feudal Age |
| 7:01 | Research | Feudal Age |
| 7:08 | Queue | Militia |
| 7:13 | Build | House |
| 7:30 | Queue | Militia |
| 7:49 | Queue | Militia |
| 7:53 | Build | Mining Camp |
| 8:25 | Build | House |
| 8:48 | Queue | Villager (Male) |
| 9:02 | Research | Loom |
| 9:04 | Queue | Villager (Male) |
| 9:15 | Age | Feudal Age |
| 9:27 | Research | Man-at-Arms (upgrade) |
| 9:30 | Build | Archery Range |
| 9:36 | Research | Double-Bit Axe |
| 9:36 | Research | Double-Bit Axe |
| 9:48 | Build | House |
| 9:49 | Build | House |
| 10:02 | Queue | Villager (Male) |
| 10:24 | Queue | Archer |
| 10:28 | Build | Mill |
| 10:31 | Queue | Villager (Male) |
| 10:41 | Queue | Spearman |
| 10:56 | Queue | Villager (Male) |
| 10:57 | Build | Farm |
| 10:59 | Build | Farm |
| 11:01 | Build | Farm |
| 11:04 | Queue | Archer |
| 11:20 | Queue | Villager (Male) |
| 11:20 | Queue | Villager (Male) |
| 11:24 | Build | Farm |
| 11:32 | Build | Palisade Wall |
| 11:52 | Queue | Villager (Male) |
| 11:54 | Build | House |
| 11:57 | Build | House |
| 11:59 | Build | Palisade Wall |
| 12:08 | Build | Palisade Wall |
| 12:18 | Build | Palisade Wall |
| 12:24 | Queue | Spearman |
| 12:47 | Queue | Villager (Male) |
| 13:11 | Build | Farm |
| 13:12 | Queue | Villager (Male) |
| 13:12 | Queue | Villager (Male) |
| 13:16 | Build | Farm |
| 13:32 | Build | Market |
| 13:50 | Build | Farm |
| 13:52 | Build | Farm |
| 13:53 | Build | Farm |
| 13:54 | Queue | Villager (Male) |
| 13:55 | Queue | Archer |
| 14:09 | Build | Farm |
| 14:18 | Queue | Villager (Male) |
| 14:28 | Queue | Archer |
| 14:39 | Build | Farm |
| 14:42 | Queue | Villager (Male) |
| 14:58 | Build | Farm |
| 14:58 | Queue | Villager (Male) |
| 15:01 | Build | Palisade Wall |
| 15:02 | Build | Palisade Wall |
| 15:22 | Build | Farm |
| 15:35 | Queue | Villager (Male) |
| 15:35 | Queue | Villager (Male) |
| 15:37 | Queue | Archer |
| 15:38 | Queue | Eagle Scout |
| 15:55 | Queue | Villager (Male) |
| 15:59 | Queue | Archer |
| 16:01 | Queue | Eagle Scout |
| 16:37 | Queue | Villager (Male) |
| 16:47 | Build | House |
| 16:56 | Queue | Archer |
| 16:56 | Queue | Villager (Male) |
| 16:59 | Build | Blacksmith |
| 17:01 | Build | House |
| 17:06 | Queue | Villager (Male) |
| 17:12 | Build | House |
| 17:15 | Build | Palisade Wall |
| 17:22 | Queue | Eagle Scout |
| 18:04 | Queue | Villager (Male) |
| 18:06 | Queue | Eagle Scout |
| 19:00 | Research | Castle Age |
| 19:00 | Research | Castle Age |
| 19:03 | Queue | Eagle Scout |
| 19:15 | Research | Scale Mail Armor |
| 19:15 | Research | Forging |
| 19:22 | Build | Barracks |
| 20:08 | Queue | Eagle Scout |
| 20:09 | Queue | Eagle Scout |
| 20:15 | Build | Barracks |
| 20:20 | Build | Barracks |
| 20:44 | Queue | Eagle Scout |
| 20:45 | Queue | Eagle Scout |
| 20:52 | Research | Gold Mining |
| 20:58 | Queue | Eagle Scout ×3 |
| 21:02 | Research | Arson |
| 21:33 | Queue | Villager (Male) |
| 21:37 | Queue | Eagle Scout ×5 |
| 21:40 | Age | Castle Age |
| 21:42 | Research | Chain Mail Armor |
| 21:57 | Research | Eagle Warrior (upgrade) |
| 22:22 | Queue | Eagle Scout ×2 |
| 22:23 | Queue | Villager (Male) |
| 22:39 | Build | House |
| 22:54 | Queue | Eagle Scout ×2 |
| 22:55 | Queue | Villager (Male) |
| 22:57 | Queue | Eagle Scout ×2 |
| 23:08 | Queue | Eagle Scout |
| 23:11 | Build | House |
| 23:19 | Queue | Eagle Scout |
| 23:34 | Queue | Villager (Male) |
| 23:49 | Queue | Eagle Scout ×2 |
| 23:55 | Build | House |
| 23:56 | Queue | Villager (Male) |
| 24:13 | Queue | Eagle Scout ×3 |
| 24:22 | Build | Siege Workshop |
| 24:23 | Build | Siege Workshop |
| 24:47 | Queue | Eagle Scout ×2 |
| 24:47 | Queue | Eagle Scout ×2 |
| 24:47 | Queue | Eagle Scout ×2 |
| 24:56 | Queue | Eagle Scout |
| 24:57 | Queue | Villager (Male) |
| 25:05 | Build | House |
| 25:14 | Queue | Eagle Scout |
Match timeline
| 6:04 | Uthman The Lithuanian · first_building Barracks |
| 7:34 | _DaViCy_ · first_building Barracks |
| 8:35 | _DaViCy_ · wall_segment Palisade Wall x1 |
| 8:47 | _DaViCy_ · wall_segment Palisade Wall x3 |
| 8:49 | _DaViCy_ · wall_segment Palisade Wall x3 |
| 8:55 | _DaViCy_ · age_up feudal |
| 9:01 | _DaViCy_ · first_building Stable |
| 9:08 | _DaViCy_ · wall_segment Palisade Wall x3 |
| 9:15 | Uthman The Lithuanian · age_up feudal |
| 9:30 | Uthman The Lithuanian · first_building Archery Range |
| 11:32 | Uthman The Lithuanian · wall_segment Palisade Wall x1 |
| 11:59 | Uthman The Lithuanian · wall_segment Palisade Wall x4 |
| 12:08 | Uthman The Lithuanian · wall_segment Palisade Wall x1 |
| 12:18 | Uthman The Lithuanian · wall_segment Palisade Wall x1 |
| 12:51 | _DaViCy_ · first_building Archery Range |
| 14:41 | Uthman The Lithuanian · first_market_sell 100 stone |
| 14:42 | Uthman The Lithuanian · first_market_buy 100 food |
| 15:01 | Uthman The Lithuanian · wall_segment Palisade Wall x1 |
| 15:02 | Uthman The Lithuanian · wall_segment Palisade Wall x1 |
| 17:15 | Uthman The Lithuanian · wall_segment Palisade Wall x9 |
| 21:21 | _DaViCy_ · age_up castle |
| 21:40 | Uthman The Lithuanian · age_up castle |
| 24:22 | Uthman The Lithuanian · first_building Siege Workshop |
| 26:55 | _DaViCy_ · resign |
[ AI ANALYSIS · 1 CREDIT ]
What really happened in this match?
Wolo.gg analyzes every decision: build order, eco, micro, common mistakes by bracket. Personalized analysis on WhatsApp or Discord in 30 seconds.
Civ guide
Jurchens
Perfil
Jugador #425762